 Dungeon Crawl Stone Soup version 0.25-a0-25-gf18fdeb (webtiles) character file.

Game seed: 2922754290661259462, levelgen mode: deterministic

128 Lianjan the Caller (level 5, -7/28 HPs)
             Began as a Tengu Summoner on Oct 17, 2019.
             Mangled by a crimson imp
             ... wielding a +2 dagger of chaos
              (19 damage)
             ... on level 3 of the Dungeon.
             The game lasted 00:07:07 (2935 turns).

Lianjan the Caller (Tengu Summoner)                 Turns: 2935, Time: 00:07:07

Health: -7/28      AC:  2    Str:  8    XL:     5   Next: 12%
Magic:  10/10      EV: 12    Int: 17    God:
Gold:   89         SH:  0    Dex: 14    Spells: 0/10 levels left

rFire    . . .     SeeInvis .   a - +2 dagger (venom)
rCold    . . .     Gourm    .   (no shield)
rNeg     . . .     Faith    .   j - +0 robe
rPois    .         Spirit   .   (helmet restricted)
rElec    .         Reflect  .   (no cloak)
rCorr    .         Harm     .   (no gloves)
MR       .....                  (boots unavailable)
Stlth    ++........             (no amulet)
HPRegen  0.09/turn              (no ring)
MPRegen  0.12/turn              (no ring)

@: lethally poisoned (-7 -> -20)
A: beak, talons 3, able to fly
a: Fly


You were on level 3 of the Dungeon.
You were not hungry.

You visited 1 branch of the dungeon, and saw 3 of its levels.

You collected 89 gold pieces.

Inventory:

Hand Weapons
 a - a +2 dagger of venom (weapon)
 b - a +0 hunting sling
 s - a +0 whip
 w - a +0 whip of electrocution
Missiles
 f - 98 stones (quivered)
 k - 92 sling bullets
Armour
 j - a +0 robe (worn)
Jewellery
 p - an uncursed amulet of faith {unknown}
 t - a cursed ring of teleportation {unknown}
Scrolls
 d - a scroll of immolation {unknown}
 g - a scroll of amnesia {unknown}
 h - a scroll of identify {unknown}
 l - a scroll of fog {unknown}
 r - 2 scrolls of remove curse {unknown}
 v - a scroll of enchant armour {unknown}
Potions
 e - a potion of heal wounds {unknown}
 i - a potion of lignification {unknown}
 m - a potion of agility {unknown}
 o - a potion of invisibility {unknown}
 q - a potion of ambrosia {unknown}
 u - a potion of degeneration {unknown}
Comestibles
 c - 5 rations
 n - 2 chunks of flesh


   Skills:
 + Level 0.0 Fighting
 - Level 2.1 Dodging
 - Level 2.0 Stealth
 + Level 3.1 Spellcasting
 - Level 6.8 Summonings
 * Level 0.0 Ice Magic


You couldn't memorise any spells.
You knew the following spells:

 Your Spells              Type           Power        Failure   Level  Hunger
a - Summon Small Mammal   Summ           ####         1%          1    None
b - Call Imp              Summ           ####....     1%          2    ##.....
c - Call Canine Familiar  Summ           ####....     3%          3    ###....
d - Summon Ice Beast      Ice/Summ       ##......     38%         4    ####...

Your spell library contained the following spells:

 Spells                   Type           Power        Failure   Level  Hunger
 Summon Guardian Golem    Hex/Summ       ##......     13%         3    ###....
 Summon Lightning Spire   Summ/Air       ##......     38%         4    ####...


Dungeon Overview and Level Annotations

Branches:
Dungeon (3/15)

Altars:


Innate Abilities, Weirdness & Mutations

You have a beak for a mouth.
You have claws for feet.
You can fly continuously.


Message History

The crimson imp hits you with a +2 dagger of chaos.
You are poisoned.
The crimson imp barely misses you.
You hit the crimson imp.
The crimson imp is poisoned.
You claw the crimson imp.
The crimson imp is heavily wounded.
You feel sick.
Your white imp misses the crimson imp.
The crimson imp barely misses you.
The crimson imp shouts, "Away with thee, thou dankish fly-bitten whey-face!"
The crimson imp hits you but does no damage.
You are more poisoned.
You barely miss the crimson imp. Your peck misses the crimson imp.
The crimson imp is severely wounded.
You feel sick.
Your white imp hits the crimson imp.
Your white imp freezes the crimson imp!
The crimson imp is frozen!
Your white imp barely misses the crimson imp.
The crimson imp hits you.
The crimson imp hits you with a +2 dagger of chaos.
You are electrocuted!!
Ouch! That really hurt!
You die...

# ######### #^ #.?.....#
.##......... '.........
. #............... #.
#555............ #.
#5@5.>.......... ..
.#####.)##'###.....# #.
.....$..##.# #.... #.
#######....####'#######.
#.##..........†...
#.#...##.)....###.
#.#...##......# #.
#.....''...)..# #.
###...##......# #.


You could see 3 crimson imps and 2 friendly white imps.

Vanquished Creatures
  A worm (D:2)
  A leopard gecko (D:2)
  7 bats
  2 giant cockroaches (D:3)
  4 goblins
  6 hobgoblins
  3 jackals
  4 kobolds
  2 quokkas (D:3)
  A ball python (D:3)
  2 frilled lizards
  3 rats
36 creatures vanquished.

Vanquished Creatures (collateral kills)
  An ogre (D:3)
  3 adders
  2 worms
  A dart slug (D:2)
  2 leopard geckos (D:1)
  2 giant cockroaches
  8 goblins
  A hobgoblin (D:3)
  4 jackals
  3 bats
  2 frilled lizards (D:1)
  4 kobolds
  A rat (D:1)
34 creatures vanquished.

Grand Total: 70 creatures vanquished

Notes
Turn   | Place    | Note
-------+----------+-------------------------------------------
     0 | D:1      | Lianjan the Tengu Summoner began the quest for the Orb.
     0 | D:1      | Reached XP level 1. HP: 10/10 MP: 4/4
   253 | D:1      | Reached skill level 5 in Summonings
   352 | D:1      | Reached XP level 2. HP: 15/15 MP: 4/6
  1291 | D:2      | Reached XP level 3. HP: 19/19 MP: 7/7
  1295 | D:2      | Learned a level 2 spell: Call Imp
  1299 | D:2      | Learned a level 3 spell: Call Canine Familiar
  1710 | D:2      | Reached skill level 6 in Summonings
  1960 | D:2      | Reached XP level 4. HP: 24/24 MP: 9/9
  2843 | D:3      | Noticed an ogre
  2851 | D:3      | Killed an ogre
  2851 | D:3      | Gained mutation: You can fly continuously. [Tengu growth]
  2851 | D:3      | Reached XP level 5. HP: 28/28 MP: 2/10
  2862 | D:3      | Learned a level 4 spell: Summon Ice Beast
  2935 | D:3      | Mangled by a crimson imp

Levels and vault maps discovered:
D:1:      dpeg_arrival_renting, layout_loops_ring
D:2:      layout_basic, kennysheep_boxes
D:3:      layout_basic, minitemple, led_xom_imps

Skill      XL: |  1  2  3  4 |
---------------+-------------+-----
Summonings     | 5 6 |  6.8
Spellcasting   | 3 |  3.1
Dodging        | |  2.1
Stealth        | |  2.0

Action                   |  1- 3 |  4- 6 || total
-------------------------+-------+-------++-------
Melee: Unarmed           |     9 |       ||     9
       Kick              |     2 |     6 ||     8
       Peck              |     1 |     5 ||     6
       Dagger            |       |    36 ||    36
 Fire: Hunting sling     |    54 |     2 ||    56
 Cast: Summon Small Mamm |    23 |     5 ||    28
       Call Imp          |     7 |     7 ||    14
 Stab: Sleeping          |       |     2 ||     2
  Eat: Chunk             |     4 |     3 ||     7
Armor: Robe              |    12 |     6 ||    18
Dodge: Dodged            |    24 |    25 ||    49

Table legend:
 A = Non-vault XP
 B = Vault XP
 C = Vault XP percentage of total XP
 D = Non-vault monster count
 E = Vault monster count
 F = Vault count percentage of total count
                 A         B        C        D         E       F
            +---------+---------+-------+---------+---------+-------
      Total |     184 |       0 |   0.0 |      70 |       0 |   0.0
            +---------+---------+-------+---------+---------+-------
        D:1 |      26 |       0 |   0.0 |      19 |       0 |   0.0
        D:2 |      59 |       0 |   0.0 |      29 |       0 |   0.0
        D:3 |      99 |       0 |   0.0 |      22 |       0 |   0.0
            +---------+---------+-------+---------+---------+-------
